EVO
UNIVERSITY OF CALIFORNIA GOLDEN BEARS @ OKLAHOMA STATE UNIVERSITY COWBOYS
11/22/2048
 
TOP OF THE 1ST
Clemson University Tigers batting - Pitching for Oklahoma State University Cowboys : LHP Jordan Cane
Pitching: LHP Jordan Cane
Batting: RHB Adrian Franz 0-0: Ball
1-0: Ball
2-0: Fly out, F8 (Flyball, 8RD, EV 98.8 MPH)
Batting: RHB Jason Duncan 0-0: Called Strike
0-1: Ball
1-1: Foul Ball, location: 2F
1-2: Foul Ball, location: 2F
1-2: Strikes out swinging
Batting: LHB Wade Girard 0-0: Ball
1-0: Ball
2-0: Swinging Strike
2-1: Swinging Strike
2-2: Strikes out swinging
Top of the 1st over - 0 runs, 0 hits, 0 errors, 0 left on base; Clemson University 0 - Oklahoma State University 0
BOTTOM OF THE 1ST
Oklahoma State University Cowboys batting - Pitching for Clemson University Tigers : LHP Oliver Troiano
Pitching: LHP Oliver Troiano
Batting: RHB Jon Guzman 0-0: Ball
1-0: Fly out, F8 (Flyball, 8LD, EV 93.8 MPH)
Batting: RHB Simon Gravitt 0-0: Called Strike
0-1: Called Strike
0-2: Foul Ball, location: 2F
0-2: Ball
1-2: Ball
2-2: Ball
3-2: Base on Balls
Batting: LHB Kyle David 0-0: Ball
1-0: Ball
2-0: SINGLE (Groundball, 4D, EV 102.5 MPH)
Simon Gravitt to second
Runner from 2nd tries for 3rd, SAFE, no throw by CF
Batting: LHB Jeff Williams 0-0: Called Strike
0-1: Foul Ball, location: 2F
0-2: Foul Ball, location: 2F
0-2: Ball
1-2: Fly out, F2 (Popup, 15S, EV 80.6 MPH)
Batting: RHB Magnus Laursen 0-0: Ball
1-0: Swinging Strike
1-1: 3-RUN HOME RUN (Flyball, 7D, EV 98.8 MPH), Distance : 380 ft
Batting: LHB Cory Rohr 0-0: Ball
1-0: Fly out, F8 (Flyball, 89D, EV 91.2 MPH)
Bottom of the 1st over - 3 runs, 2 hits, 0 errors, 0 left on base; Clemson University 0 - Oklahoma State University 3
TOP OF THE 2ND
Clemson University Tigers batting - Pitching for Oklahoma State University Cowboys : LHP Jordan Cane
Batting: RHB Nick Ellis 0-0: Ball
1-0: Ball
2-0: Fly out, F4 (Popup, 23, EV 85.6 MPH)
Batting: RHB Ross Hallock 0-0: Swinging Strike
0-1: Ball
1-1: Foul Ball, location: 2F
1-2: Ball
2-2: Strikes out swinging
Batting: LHB Steve Gates 0-0: Ball
1-0: Ball
2-0: Called Strike
2-1: Swinging Strike
2-2: Strikes out looking
Top of the 2nd over - 0 runs, 0 hits, 0 errors, 0 left on base; Clemson University 0 - Oklahoma State University 3
BOTTOM OF THE 2ND
Oklahoma State University Cowboys batting - Pitching for Clemson University Tigers : LHP Oliver Troiano
Batting: RHB Rory Cardosi 0-0: Called Strike
0-1: Fly out, F4 (Line Drive, 4, EV 72.5 MPH)
Batting: RHB Estevan Alvarez 0-0: Ball
1-0: Called Strike
1-1: Swinging Strike
1-2: Ball
2-2: Ground out 6-3 (Groundball, 6, EV 83.1 MPH)
Batting: RHB Frederik Koster 0-0: Foul Ball, location: 2F
0-1: Ball
1-1: Foul Ball, location: 2F
1-2: Fly out, F7 (Line Drive, 7, EV 108.1 MPH)
Bottom of the 2nd over - 0 runs, 0 hits, 0 errors, 0 left on base; Clemson University 0 - Oklahoma State University 3
TOP OF THE 3RD
Clemson University Tigers batting - Pitching for Oklahoma State University Cowboys : LHP Jordan Cane
Batting: RHB Steve Brock 0-0: Ball
1-0: Ball
2-0: Ground out 5-3 (Groundball, 5L, EV 103.8 MPH)
Batting: LHB Mario Nunez 0-0: Ground out 4-3 (Groundball, 4, EV 85.6 MPH)
Batting: LHB Bryant Dill 0-0: Ball
1-0: Swinging Strike
1-1: Ball
2-1: Called Strike
2-2: TRIPLE (Line Drive, 9LD, EV 109.4 MPH)
Pitching: RHP Brendan Best
Batting: RHB Adrian Franz 0-0: Called Strike
0-1: Fly out, F7 (Flyball, 78M, EV 93.1 MPH)
Top of the 3rd over - 0 runs, 1 hit, 0 errors, 1 left on base; Clemson University 0 - Oklahoma State University 3
BOTTOM OF THE 3RD
Oklahoma State University Cowboys batting - Pitching for Clemson University Tigers : LHP Oliver Troiano
Batting: RHB Jon Guzman 0-0: Swinging Strike
0-1: Ball
1-1: Ground out 5-3 (Groundball, 56S, EV 73.8 MPH)
Batting: RHB Simon Gravitt 0-0: DOUBLE (Groundball, 5L, EV 99.4 MPH)
Batting: LHB Kyle David 0-0: Called Strike
Simon Gravitt steals 3rd base
0-1: Ball
1-1: Foul Ball, location: 2F
1-2: Strikes out swinging
Batting: LHB Jeff Williams 0-0: Foul Ball, location: 2F
0-1: Swinging Strike
0-2: Ball
1-2: Ball
2-2: Fly out, F9 (Line Drive, 8RM, EV 110.0 MPH)
Bottom of the 3rd over - 0 runs, 1 hit, 0 errors, 1 left on base; Clemson University 0 - Oklahoma State University 3
TOP OF THE 4TH
Clemson University Tigers batting - Pitching for Oklahoma State University Cowboys : RHP Brendan Best
Batting: RHB Jason Duncan 0-0: Ball
1-0: Ball
2-0: Ball
3-0: Called Strike
3-1: Called Strike
3-2: Fly out, F8 (Line Drive, 78M, EV 86.2 MPH)
Batting: LHB Wade Girard 0-0: Ball
1-0: Called Strike
1-1: Ball
2-1: Swinging Strike
2-2: Ball
3-2: Base on Balls
Batting: RHB Nick Ellis 0-0: Swinging Strike
0-1: Foul Ball, location: 2F
0-2: SINGLE (Flyball, 7S, EV 92.5 MPH)
Wade Girard to second
Batting: RHB Ross Hallock 0-0: Ball
1-0: Called Strike
1-1: Ball
2-1: Foul Ball, location: 2F
2-2: Foul Ball, location: 2F
2-2: Ball
3-2: Fly out, F9 (Flyball, 9LS, EV 91.9 MPH)
Pitching: RHP Mick Conner
Batting: LHB Steve Gates 0-0: Swinging Strike
0-1: Foul Ball, location: 2F
0-2: Foul Ball, location: 2F
0-2: Ball
1-2: Ball
2-2: Strikes out swinging
Top of the 4th over - 0 runs, 1 hit, 0 errors, 2 left on base; Clemson University 0 - Oklahoma State University 3
BOTTOM OF THE 4TH
Oklahoma State University Cowboys batting - Pitching for Clemson University Tigers : LHP Oliver Troiano
Batting: RHB Magnus Laursen 0-0: Ball
1-0: SINGLE (Groundball, P, EV 85.6 MPH) (infield hit)
Batting: LHB Cory Rohr 0-0: Fly out, F8 (Flyball, 8RM, EV 95.0 MPH)
Batting: RHB Rory Cardosi 0-0: Grounds into double play, 6-4-3 (Groundball, 6, EV 85.0 MPH)
Bottom of the 4th over - 0 runs, 1 hit, 0 errors, 0 left on base; Clemson University 0 - Oklahoma State University 3
TOP OF THE 5TH
Clemson University Tigers batting - Pitching for Oklahoma State University Cowboys : RHP Mick Conner
Batting: RHB Steve Brock 0-0: Ball
1-0: Swinging Strike
1-1: Ground out 5-3 (Groundball, 56, EV 79.4 MPH)
Batting: LHB Mario Nunez 0-0: Ball
1-0: Fly out, F9 (Flyball, 89M, EV 90.0 MPH)
Batting: LHB Bryant Dill 0-0: Called Strike
0-1: Ground out 6-3 (Groundball, 6, EV 80.6 MPH)
Top of the 5th over - 0 runs, 0 hits, 0 errors, 0 left on base; Clemson University 0 - Oklahoma State University 3
BOTTOM OF THE 5TH
Oklahoma State University Cowboys batting - Pitching for Clemson University Tigers : LHP Oliver Troiano
Batting: RHB Estevan Alvarez 0-0: Called Strike
0-1: Foul Ball, location: 2F
0-2: Ball
1-2: Ball
2-2: Ball
3-2: Ground out 5-3 (Groundball, 56S, EV 92.5 MPH)
Batting: RHB Frederik Koster 0-0: DOUBLE (Flyball, 89XD, EV 103.8 MPH)
Batting: RHB Jon Guzman 0-0: Called Strike
0-1: Called Strike
0-2: Ball
1-2: Ball
2-2: Foul Ball, location: 2F
2-2: Ball
3-2: Ground out 1-3 (Groundball, 34S, EV 66.9 MPH)
Frederik Koster to third
Batting: RHB Simon Gravitt 0-0: Ball
1-0: Ball
2-0: Ball
3-0: Called Strike
3-1: Foul Ball, location: 2F
3-2: Strikes out swinging
Bottom of the 5th over - 0 runs, 1 hit, 0 errors, 1 left on base; Clemson University 0 - Oklahoma State University 3
TOP OF THE 6TH
Clemson University Tigers batting - Pitching for Oklahoma State University Cowboys : RHP Mick Conner
Batting: RHB Adrian Franz 0-0: Ball
1-0: Ground out 5-3 (Groundball, 5, EV 82.5 MPH)
Batting: RHB Jason Duncan 0-0: Foul Ball, location: 2F
0-1: Ball
1-1: Swinging Strike
1-2: Fly out, F9 (Flyball, 9, EV 90.0 MPH)
Batting: LHB Wade Girard 0-0: Ball
1-0: SINGLE (Groundball, 34D, EV 107.5 MPH)
Batting: RHB Nick Ellis 0-0: Ball
1-0: 2-RUN HOME RUN (Line Drive, 7LD, EV 101.2 MPH), Distance : 382 ft
Batting: RHB Ross Hallock 0-0: Called Strike
0-1: Swinging Strike
0-2: Ball
1-2: Ball
2-2: Ball
3-2: Foul Ball, location: 2F
3-2: Foul Ball, location: 2F
3-2: Foul Ball, location: 2F
3-2: Strikes out looking
Top of the 6th over - 2 runs, 2 hits, 0 errors, 0 left on base; Clemson University 2 - Oklahoma State University 3
BOTTOM OF THE 6TH
Oklahoma State University Cowboys batting - Pitching for Clemson University Tigers : LHP Oliver Troiano
Batting: LHB Kyle David 0-0: Ball
1-0: Called Strike
1-1: Foul Ball, location: 2F
1-2: Fly out, F7 (Flyball, 78M, EV 80.6 MPH)
Batting: LHB Jeff Williams 0-0: Foul Ball, location: 2F
0-1: Ball
1-1: Swinging Strike
1-2: Ball
2-2: Ball
3-2: Foul Ball, location: 2F
3-2: Strikes out swinging, 2-3 out at first.
Batting: RHB Magnus Laursen 0-0: Fly out, F7 (Flyball, 7S, EV 93.1 MPH)
Bottom of the 6th over - 0 runs, 0 hits, 0 errors, 0 left on base; Clemson University 2 - Oklahoma State University 3
TOP OF THE 7TH
Clemson University Tigers batting - Pitching for Oklahoma State University Cowboys : RHP Mick Conner
Pitching: RHP Lisiate Iugini
Batting: LHB Steve Gates 0-0: Ball
1-0: Swinging Strike
1-1: Called Strike
1-2: Ball
2-2: Strikes out swinging, 2-3 out at first.
Batting: RHB Steve Brock 0-0: Foul Ball, location: 2F
0-1: Ball
1-1: Ball
2-1: Reached on error, E5 (Groundball, 56S, EV 90.0 MPH)
Batting: LHB Mario Nunez 0-0: Swinging Strike
0-1: Fly out, F7 (Flyball, 7, EV 75.6 MPH)
Batting: LHB Bryant Dill 0-0: Ball
1-0: Ball
2-0: SINGLE (Flyball, 89S, EV 99.4 MPH)
Steve Brock to third
Batting: RHB Adrian Franz 0-0: Called Strike
0-1: Swinging Strike
0-2: Strikes out looking
Top of the 7th over - 0 runs, 1 hit, 1 error, 2 left on base; Clemson University 2 - Oklahoma State University 3
BOTTOM OF THE 7TH
Oklahoma State University Cowboys batting - Pitching for Clemson University Tigers : LHP Oliver Troiano
Pitching: LHP Jonathan Hughes
Batting: LHB Cory Rohr 0-0: Called Strike
0-1: Ball
1-1: Ball
2-1: Ball
3-1: Base on Balls
Batting: RHB Rory Cardosi 0-0: Fly out, F7 (Flyball, 7S, EV 90.0 MPH)
Batting: RHB Estevan Alvarez 0-0: Foul Ball, location: 2F
0-1: Reached on error, E5 (Groundball, 56, EV 86.2 MPH)
Cory Rohr to second
Pinch Runner at 2nd Jose Lopez:
Batting: RHB Frederik Koster 0-0: Ball
Jose Lopez steals 3rd base
1-0: Ball
2-0: Foul Ball, location: 2F
2-1: Ball
3-1: Base on Balls
Estevan Alvarez to second
Batting: RHB Jon Guzman 0-0: Called Strike
0-1: Foul Ball, location: 2F
0-2: Ball
Wild Pitch!
Jose Lopez scores
Estevan Alvarez to third
Frederik Koster to second
1-2: Foul Ball, location: 2F
1-2: Foul Ball, location: 2F
1-2: Ball
2-2: Ball
3-2: Foul Ball, location: 2F
3-2: Foul Ball, location: 2F
3-2: Foul Ball, location: 2F
3-2: Base on Balls
Batting: RHB Simon Gravitt 0-0: Called Strike
0-1: Called Strike
0-2: Ball
1-2: Ball
2-2: SINGLE (Groundball, 56, EV 102.5 MPH)
Estevan Alvarez scores
Frederik Koster to third
Jon Guzman to second
Batting: LHB Kyle David 0-0: Ball
1-0: Ball
2-0: Called Strike
2-1: Swinging Strike
2-2: Foul Ball, location: 2F
2-2: Foul Ball, location: 2F
2-2: Ball
3-2: Base on Balls
Frederik Koster scores
Jon Guzman to third
Simon Gravitt to second
Pitching: RHP Ahto Selin
Batting: LHB Jeff Williams 0-0: Ball
1-0: Called Strike
1-1: Ball
2-1: SINGLE (Line Drive, 7LS, EV 85.0 MPH)
Jon Guzman scores
Simon Gravitt to third
Kyle David to second
Runner from 3rd tries for Home, SAFE, throw by LF to home
Batting: RHB Magnus Laursen 0-0: Ball
1-0: Fielders Choice at 2nd, 5-4 (Groundball, 56, EV 105.6 MPH)
Kyle David to third
Batting: RHB Jose Lopez 0-0: Ball
1-0: Foul Ball, location: 2F
1-1: Swinging Strike
1-2: Ball
2-2: Foul Ball, location: 2F
2-2: Fielders Choice at 2nd, 6-4 (Groundball, 6, EV 81.9 MPH)
Bottom of the 7th over - 5 runs, 2 hits, 1 error, 2 left on base; Clemson University 2 - Oklahoma State University 8
TOP OF THE 8TH
Clemson University Tigers batting - Pitching for Oklahoma State University Cowboys : RHP Lisiate Iugini
Batting: RHB Jason Duncan 0-0: Ball
1-0: Foul Ball, location: 2F
1-1: Foul Ball, location: 2F
1-2: Ground out 6-3 (Groundball, 56, EV 85.6 MPH)
Batting: LHB Wade Girard 0-0: Swinging Strike
0-1: Ball
1-1: Foul Ball, location: 2F
1-2: Ground out 4-3 (Groundball, 4, EV 81.9 MPH)
Batting: RHB Nick Ellis 0-0: Ball
1-0: Called Strike
1-1: Ball
2-1: Swinging Strike
2-2: Foul Ball, location: 2F
2-2: Strikes out swinging
Top of the 8th over - 0 runs, 0 hits, 0 errors, 0 left on base; Clemson University 2 - Oklahoma State University 8
BOTTOM OF THE 8TH
Oklahoma State University Cowboys batting - Pitching for Clemson University Tigers : RHP Ahto Selin
Batting: RHB Rory Cardosi 0-0: Called Strike
0-1: Ball
1-1: Called Strike
1-2: SINGLE (Groundball, 6M, EV 80.0 MPH) (infield hit)
Batting: RHB Estevan Alvarez 0-0: Ball
1-0: Fielders Choice at 2nd, 5-4 (Groundball, 56, EV 83.1 MPH)
Batting: RHB Frederik Koster 0-0: Ball
1-0: Foul Ball, location: 2F
1-1: Swinging Strike
1-2: Ball
2-2: Strikes out swinging
Batting: RHB Jon Guzman 0-0: Ball
1-0: Ball
2-0: Ball
3-0: Base on Balls
Estevan Alvarez to second
Batting: RHB Simon Gravitt 0-0: Foul Ball, location: 2F
0-1: Ball
1-1: Ground out U3 (Groundball, 13, EV 81.9 MPH)
Bottom of the 8th over - 0 runs, 1 hit, 0 errors, 2 left on base; Clemson University 2 - Oklahoma State University 8
TOP OF THE 9TH
Clemson University Tigers batting - Pitching for Oklahoma State University Cowboys : RHP Lisiate Iugini
Pitching: RHP Santiago Lopez
Batting: RHB Ross Hallock 0-0: Ball
1-0: Ball
2-0: SINGLE (Groundball, 56S, EV 62.5 MPH) (infield hit)
Batting: LHB Steve Gates 0-0: Called Strike
0-1: Foul Ball, location: 2F
0-2: Foul Ball, location: 2F
0-2: Strikes out looking
Pinch Hitting: LHB Jonathan Watt 0-0: Ground out 4-3 (Groundball, 34S, EV 92.5 MPH)
Ross Hallock to second
Batting: LHB Mario Nunez 0-0: Swinging Strike
0-1: Ball
1-1: Swinging Strike
1-2: Foul Ball, location: 2F
1-2: Strikes out swinging
Top of the 9th over - 0 runs, 1 hit, 0 errors, 1 left on base; Clemson University 2 - Oklahoma State University 8
Tuesday, March 28th , 2023 - OOTP Baseball 23.10 Build 110